 Dungeon Crawl Stone Soup version 0.21.0-3-g78d12a8 (webtiles) character file.

1211 Amnesiac the Thrower (level 8, -3/36 (37) HPs)
             Began as a Spriggan Assassin on Jan 12, 2018.
             Was a Follower of Okawaru.
             Slain by a sky beast (5 damage)
             ... on level 6 of the Dungeon.
             The game lasted 00:12:15 (5462 turns).

Amnesiac the Thrower (Spriggan Assassin)            Turns: 5462, Time: 00:12:15

HP:   -3/36 (37)    AC:  3    Str:  9    XL:     8   Next: 22%
MP:   9/9           EV: 17    Int: 13    God:    Okawaru [*.....]
Gold: 22            SH:  0    Dex: 17    Spells: 7/7 levels left

rFire    . . .     SeeInvis +   a - +2 dagger
rCold    . . .     Gourm    .   (shield restricted)
rNeg     . . .     Faith    .   c - +0 robe
rPois    .         Spirit   .   (helmet restricted)
rElec    .         Reflect  .   d - +0 cloak
rCorr    .         Harm     .   (gloves unavailable)
MR       +....                  (boots unavailable)
Stlth    +++.......             (no amulet)
HPRegen  0.12/turn              (no ring)
MPRegen  0.11/turn              (no ring)

@: very quick
A: very small, unfitting armour, see invisible, herbivore, speed 3, slow
metabolism 2
a: Heroism, Renounce Religion


You were on level 6 of the Dungeon.
You worshipped Okawaru.
Okawaru was aware of your devotion.
You were full.

You visited 2 branches of the dungeon, and saw 7 of its levels.

You collected 301 gold pieces.
You spent 279 gold pieces at shops.

Inventory:

Hand Weapons
 a - a +2 dagger (weapon)
 b - a +4 blowgun
Missiles
 e - 7 poisoned needles
 f - 2 curare-tipped needles
 h - 43 stones (quivered)
Armour
 c - a +0 robe (worn)
 d - a +0 cloak (worn)
Jewellery
 r - an uncursed ring of fire
Wands
 g - a wand of random effects (6)
 q - a wand of paralysis (10)
Scrolls
 i - 3 scrolls of fog {!r}
 n - a scroll of blinking {!r, unknown}
 p - a scroll of amnesia {!r, unknown}
 s - 4 scrolls of fear {!r}
 t - 2 scrolls of remove curse {!r, unknown}
 u - 10 scrolls of teleportation {!r}
 w - a scroll of random uselessness {!r, unknown}
 z - a scroll of magic mapping {!r, unknown}
 A - a scroll of enchant armour {!r, unknown}
 C - a scroll of summoning {!r, unknown}
 D - a scroll of brand weapon {!r, unknown}
Potions
 j - 2 potions of curing {!q}
 m - a potion of berserk rage {!q}
 o - 2 potions of lignification {!q, unknown}
 v - 2 potions of brilliance {!q, unknown}
 x - a potion of flight {!q}
 B - a potion of degeneration {!q}
 E - a potion of agility {!q, unknown}
 F - a potion of ambrosia {!q, unknown}
Books
 l - a book of Geomancy

   Spells                             Type                      Level
   a - Sandblast                      Earth                        1
   b - Passwall                       Transmutation/Earth          2
   c - Stone Arrow                    Conjuration/Earth            3
   d - Petrify                        Transmutation/Earth          4
   e - Lee's Rapid Deconstruction     Earth                        5
Comestibles
 k - 2 rations


   Skills:
 - Level 1.5 Fighting
 - Level 4.0 Short Blades
 * Level 9.5 Throwing
 - Level 1.5 Dodging
 - Level 6.0 Stealth


You had 7 spell levels left.
You didn't know any spells.

Dungeon Overview and Level Annotations

Branches:
Dungeon (6/15)             Temple (1/1) D:6

Altars:
Ashenzari
Cheibriados
Dithmenos
Elyvilon
Gozag
Hepliaklqana
Kikubaaqudgha
Makhleb
Nemelex Xobeh
Okawaru
Qazlal
Ru
Sif Muna
Trog
Uskayaw
Vehumet
Wu Jian
Xom
Yredelemnul
Zin
The Shining One

Shops:
D:5 ?


Innate Abilities, Weirdness & Mutations

You are very small and have problems with some larger weapons.
You are too small for most types of armour.
You have supernaturally acute eyesight. (SInv)
You are a herbivore.
You cover ground extremely quickly.
You need consume almost no food.


Message History

The sky beast misses you.
You closely miss the sky beast.
The sky beast is severely wounded.
You hit the sky beast.
The sky beast is severely wounded.
The sky beast barely misses you.
You hit the sky beast but do no damage.
The sky beast is severely wounded.
The sky beast completely misses you.
You hit the sky beast.
The sky beast is severely wounded.
The sky beast hits you but does no damage.
You barely miss the sky beast.
The sky beast is severely wounded.
The sky beast closely misses you.
You closely miss the sky beast.
The sky beast is severely wounded.
You hit the sky beast but do no damage.
The sky beast is severely wounded.
The sky beast barely misses you.
You completely miss the sky beast.
The sky beast is severely wounded.
The sky beast hits you but does no damage.
You hit the sky beast.
The sky beast is severely wounded.
The sky beast misses you.
You barely miss the sky beast.
The sky beast is severely wounded.
The sky beast misses you.
You hit the sky beast but do no damage.
The sky beast is severely wounded.
You miss the sky beast.
The sky beast is severely wounded.
The sky beast hits you. The sky beast shocks you.
You hit the sky beast but do no damage.
The sky beast is severely wounded.
The sky beast hits you. The sky beast shocks you.
You hit the sky beast but do no damage.
The sky beast is severely wounded.
The sky beast hits you. The sky beast shocks you.
* * * LOW HITPOINT WARNING * * *
You hit the sky beast.
The sky beast is almost dead.
The sky beast hits you.
* * * LOW HITPOINT WARNING * * *
The sky beast shocks you.
* * * LOW HITPOINT WARNING * * *
You barely miss the sky beast.
The sky beast is almost dead.
You closely miss the sky beast.
The sky beast is almost dead.
The sky beast closely misses you.
You closely miss the sky beast.
The sky beast is almost dead.
The sky beast hits you.
* * * LOW HITPOINT WARNING * * *
The sky beast shocks you.
* * * LOW HITPOINT WARNING * * *
You hit the sky beast.
The sky beast is almost dead.
The sky beast hits you.
* * * LOW HITPOINT WARNING * * *
The sky beast shocks you.
You die...

..................#.#......
..................#........
....................#.##...
..................#.#.#....
................<.#...<....
...........................
..................##.......
..................##.......
........).@........#.......
.........Y........##.......
..................##.......
..................##.......
................).##...####
..o..............##...#
.................###.##
.............(...# #.
....(.............# #.


You could see an orc warrior (wandering) and a sky beast.

Vanquished Creatures
  Grinder (D:3)
  Sigmund (D:4)
  Eustachio (D:6)
  An ice beast (D:5)
  A necrophage (D:6)
  A bullfrog (D:6)
  Blork the orc (D:6)
  2 hounds (D:4)
  A jelly (D:5)
  A centaur skeleton (D:4)
  A bullfrog skeleton (D:4)
  An iguana (D:4)
  3 orc wizards
  3 worker ants
  4 adders
  A gnoll (D:5)
  An ooze (D:1)
  A worm (D:2)
  A dart slug (D:1)
  3 leopard geckos
  9 orcs
  3 bats
  5 giant cockroaches
  9 hobgoblins
  5 jackals (D:4)
  2 quokkas (D:4)
  A ball python (D:2)
  A frilled lizard (D:4)
  7 kobolds
  7 rats
79 creatures vanquished.

Notes
Turn   | Place    | Note
-------+----------+-------------------------------------------
     0 | D:1      | Amnesiac the Spriggan Assassin began the quest for the Orb.
     0 | D:1      | Reached XP level 1. HP: 10/10 MP: 2/2
   225 | D:1      | Reached XP level 2. HP: 14/14 MP: 3/3
   279 | D:1      | Reached skill level 3 in Throwing
   865 | D:2      | Reached XP level 3. HP: 17/18 MP: 4/4
  1358 | D:3      | Noticed Grinder
  1523 | D:3      | Paralysed by Grinder for 2 turns
  1530 | D:3      | Killed Grinder
  1530 | D:3      | Reached skill level 6 in Throwing
  1530 | D:3      | Reached XP level 4. HP: 6/22 MP: 5/5
  1530 | D:3      | Reached XP level 5. HP: 7/25 MP: 6/6
  2274 | D:4      | Reached XP level 6. HP: 20/30 MP: 7/7
  2970 | D:4      | Got a transparent whip
  3259 | D:4      | Reached skill level 7 in Throwing
  3638 | D:4      | Found a sacrificial altar of Ru.
  3672 | D:4      | Reached XP level 7. HP: 19/33 MP: 8/8
  3855 | D:4      | Noticed Sigmund
  3858 | D:4      | Killed Sigmund
  4475 | D:5      | Entered Level 5 of the Dungeon
  4613 | D:5      | Reached skill level 8 in Throwing
  4975 | D:5      | Found Naseus's Magic Scroll Shop.
  4980 | D:5      | Bought a scroll of enchant weapon for 82 gold pieces
  4980 | D:5      | Bought a scroll of enchant weapon for 82 gold pieces
  4980 | D:5      | Bought a scroll of identify for 22 gold pieces
  4980 | D:5      | Bought a scroll of teleportation for 33 gold pieces
  4980 | D:5      | Bought a scroll of fog for 22 gold pieces
  4980 | D:5      | Bought a scroll of fear for 38 gold pieces
  4981 | D:5      | Identified the +1 whip "Impslayer" {slash, SInv} (You found it on level 4 of the Dungeon)
  5153 | D:6      | Found a staircase to the Ecumenical Temple.
  5161 | Temple   | Entered the Ecumenical Temple
  5196 | Temple   | Became a worshipper of Warmaster Okawaru
  5220 | D:6      | Noticed Eustachio
  5248 | D:6      | Killed Eustachio
  5248 | D:6      | Reached skill level 9 in Throwing
  5248 | D:6      | Reached XP level 8. HP: 34/37 MP: 9/9
  5276 | D:6      | Noticed Blork the orc
  5327 | D:6      | Killed Blork the orc
  5331 | D:6      | Reached * piety under Okawaru
  5462 | D:6      | Slain by a sky beast

Skill      XL: |  1  2  3  4  5  6  7 |
---------------+----------------------+-----
Throwing       | 3 6 7 9 |  9.5
Stealth        | 6 |  6.0
Short Blades   | 3 4 |  4.0
Fighting       | |  1.5
Dodging        | |  1.5

Action                   |  1- 3 |  4- 6 |  7- 9 || total
-------------------------+-------+-------+-------++-------
Melee: Dagger            |    90 |   183 |    96 ||   369
 Fire: Blowgun           |       |    13 |     3 ||    16
Throw: Stone             |    15 |       |    30 ||    45
Evoke: Wand              |     4 |       |    21 ||    25
  Use: Potion            |       |     1 |       ||     1
       Scroll            |       |       |     7 ||     7
 Stab: Sleeping          |     8 |     7 |     6 ||    21
       Paralysed         |     2 |       |       ||     2
  Eat: Ration            |       |     3 |     1 ||     4
Armor: Robe              |     9 |    23 |    10 ||    42
Dodge: Dodged            |    57 |   125 |    51 ||   233
